 Dungeon Crawl Stone Soup version 0.28.0-45-g0d030f2227 (webtiles) character file.

Game seed: 5658553172434932575

17 NinjaNoafa the Skirmisher (level 2, -1/27 HPs)
             Began as a Draconian Berserker on Apr 10, 2022.
             Was a Follower of Trog.
             Frozen to death by an endoplasm (3 damage)
             ... on level 1 of the Dungeon.
             The game lasted 00:01:13 (762 turns).

NinjaNoafa the Skirmisher (Draconian Berserker)      Turns: 762, Time: 00:01:14

Health: -1/27      AC:  4    Str: 19    XL:     2   Next: 44%
Magic:  2/2        EV: 12    Int:  7    God:    Trog [*.....]
Gold:   5          SH:  0    Dex: 10    Spells: 1/1 levels left

rFire   . . .      SeeInvis .   a - +0 falchion
rCold   . . .      Faith    .   (no shield)
rNeg    . . .      Spirit   .   (armour unavailable)
rPois   .          Reflect  .   (helmet restricted)
rElec   .          Harm     .   (no cloak)
rCorr   .          Rampage  .   (no gloves)
Will    .....                   (no boots)
Stlth   +.........              (no amulet)
HPRegen 0.09/turn               (no ring)
MPRegen 0.08/turn               (no ring)

@: slowed, very slow
A: AC +4, unfitting armour, cold-blooded
a: Renounce Religion, Berserk


You were on level 1 of the Dungeon.
You worshipped Trog.
Trog was aware of your devotion.
You visited 1 branch of the dungeon, and saw 2 of its levels.

You collected 5 gold pieces.

Inventory:

Hand Weapons
 a - a +0 falchion (weapon)
Jewellery
 c - an amulet of magic regeneration
Scrolls
 d - a scroll of torment {unknown}
 e - a scroll of identify {unknown}
Potions
 b - a potion of flight {unknown}
 f - a potion of resistance {unknown}


   Skills:
 + Level 3.8 Fighting
 - Level 3.0 Long Blades
 + Level 3.1 Dodging


You had one spell level left.
You didn't know any spells.
Your spell library was empty.

Dungeon Overview and Level Annotations

Branches:
Dungeon (2/15)

Altars:


Innate Abilities, Weirdness & Mutations

Your plain brown scales are hard. (AC +4)
You cannot fit into any form of body armour.
You are cold-blooded and may be slowed by cold attacks.


Message History

f - a viscous inky potion You open the door.
Found a robe.
There is an open door here.
You open the door.
There is an open door here.
There is a faded altar of an unknown god here.
You open the door.
Found two stone staircases leading down.
An endoplasm comes into view.
There is an open door here.
An endoplasm is nearby!
An endoplasm comes into view.
Found a book of Vapours.
The endoplasm quivers.
The endoplasm hits you. The endoplasm freezes you.
You are frozen.
The endoplasm quivers.
The endoplasm barely misses you. The endoplasm freezes you.
You are frozen.
The endoplasm freezes you.
You are frozen.
You feel yourself slow down. The endoplasm freezes you.
You are frozen.
You feel as though you will be slow longer.
The endoplasm freezes you.
You are frozen.
* * * LOW HITPOINT WARNING * * *
You feel as though you will be slow longer.
The endoplasm closely misses you.
The endoplasm hits you but does no damage.
The endoplasm barely misses you. The endoplasm freezes you.
You are frozen.
* * * LOW HITPOINT WARNING * * *
The endoplasm freezes you.
You are frozen.
You die...

.# #..# ##+## .. ..# .# ##.#
##:..## .######.# ## #.#
##.....##........# .# ##.##
##.......#.......
.####...####.>..........#...
.#.........+.........>......
.####...####................
.# ##.### ##..JJ...###.....
.# #...# ##..@..## #.## .#
###.# ##...## # ## #.#
#####'##### .# #.#
#.........# .# #.#
#.###.###.# .# ##.###.# #.##
.# #...##.##...## .#
#.#..........# .#
#...##.##...##


You could see 2 endoplasms.

Vanquished Creatures
  A bat (D:1)
  An endoplasm (D:1)
  A giant cockroach (D:1)
  2 goblins (D:1)
  2 hobgoblins
  2 jackals (D:1)
  2 frilled lizards (D:1)
  5 rats
16 creatures vanquished.

Vanquished Creatures (others)
  2 fungi (D:1)
  3 plants (D:1)
5 creatures vanquished.

Grand Total: 21 creatures vanquished

Notes
Turn   | Place    | Note
-------+----------+-------------------------------------------
     0 | D:1      | NinjaNoafa the Draconian Berserker began the quest for the
                  | Orb.
     0 | D:1      | Reached XP level 1. HP: 19/19 MP: 1/1
   262 | D:1      | Found a faded altar of an unknown god.
   296 | D:1      | Reached XP level 2. HP: 26/26 MP: 2/2
   304 | D:1      | You fall into a shaft and drop 1 floor!
   761 | D:1      | HP: 1/27 [frozen (5)]
   762 | D:1      | Frozen to death by an endoplasm

Illustrated notes

Levels and vault maps discovered:
D:1:      wander_arrival_peaceful_grave, layout_loops_corners,
          shapermc_ecumenical_altar_gd, patterned_corridor
D:2:      layout_basic, minivault_24, uniq_sigmund

Skill      XL: |  1 |
---------------+----+-----
Dodging        | 3 |  3.1
Fighting       | |  3.8
Long Blades    | |  3.0

Action                   || total
-------------------------++-------
Melee: Falchion          ||    50
       Tailslap          ||     2
       Punch             ||     1
 Stab: Sleeping          ||     2
Armor: Skin              ||    24
Dodge: Dodged            ||    48
